Map: Oceanborn LE

Players

Moja

  • Race: Terran Terran
  • League: Grandmaster
  • Spawn Location: 5:00

SKillous - Winner!

  • Race: Protoss Protoss
  • League: Grandmaster
  • Spawn Location: 11:00

Event: HomeStory Cup XXV

VOD

Have the link to the VOD?

Description

Time

  • Played on: June 21, 2024, 2:22 p.m.
  • Length: 13:54

All games in this series

Show
View Real Time Build Order
Export as new Build Order

Moja Terran 

Build Orders: Liberator Opening 

Get SALT Encoding   

  12  0:00  SCV  
  13  0:12  SCV  
  14  0:16  Supply Depot  
  14  0:24  SCV  
  15  0:38  SCV  
  15  0:39  Barracks  
  16  0:44  Refinery  
  16  0:50  SCV  
  17  1:02  Barracks  
  17  1:05  SCV  
  18  1:18  SCV  
  19  1:27  Reaper  
  19  1:30  Refinery  
  19  1:32  Orbital Command  
  20  1:41  Supply Depot  
  20  1:50  Reaper  
  21  1:57  SCV  
  22  2:03  Reaper  
  23  2:09  SCV  
  24  2:16  Supply Depot  
  24  2:18  Factory  
  24  2:21  SCV  
  25  2:28  Barracks Reactor  
  25  2:33  SCV  
  25  2:37  Marine  
  27  2:46  SCV  
  28  2:54  Marine  
  28  2:58  SCV  
  30  3:04  Starport, Factory Tech Lab  
  30  3:06  Marine x2  
  30  3:10  SCV  
  30  3:11  Supply Depot  
  33  3:14  Marine  
  34  3:22  Supply Depot, Siege Tank  
  38  3:29  Marine  
  38  3:32  Marine  
  40  3:35  Marine  
  40  3:40  Liberator  
  43  3:44  Supply Depot  
  43  3:47  Marine  
  44  3:50  Marine  
  45  3:56  Supply Depot, Marine  
  46  4:05  Marine  
  46  4:06  Siege Tank  
  46  4:09  Marine  
  50  4:25  Marine  
  50  4:27  Liberator  
  50  4:28  Marine  
  50  4:29  Marine  
  55  4:42  Marine  
  56  4:46  Marine  
  56  4:48  Siege Tank  
  56  4:49  Marine  
  61  5:00  Marine  
  61  5:04  Marine  
  63  5:07  Marine  
  63  5:10  Viking  
  63  5:18  Marine  
  63  5:20  Cyclone  
  66  5:22  Marine  
  66  5:23  Supply Depot  
  66  5:25  Marine  
  66  5:36  Marine  
  64  5:49  Viking  
  64  5:50  Marine  
  64  5:56  Marine  
  64  6:04  Marine  
  64  6:14  Marine  
  63  6:18  Marine  
  63  6:22  Marine  
  61  6:33  Marine  
  61  6:34  Liberator  
  65  6:44  Bunker  
  65  6:50  Bunker  
  65  6:56  Marine  
  59  7:17  SCV, Liberator  
  56  7:24  Marine  
  57  7:35  Marine  
  57  7:36  Marine  
  55  7:48  Marine  
  56  7:56  Marine  
  56  7:57  Marine  
  58  8:00  Liberator  
  60  8:06  Marine  
  58  8:14  Marine  
  56  8:22  Marine  
  55  8:32  Marine  
  37  9:56  Barracks Tech Lab  
  32  10:43  Stimpack  
  25  11:29  Orbital Command  
  24  12:13  Barracks Reactor  
  21  12:28  Supply Depot  
  21  12:29  Supply Depot  
  16  12:46  Marine  
  16  12:50  Marine x2  
  14  13:02  Starport Tech Lab  
  14  13:07  Marine  
  15  13:20  Marine  
Show
View Real Time Build Order
Export as new Build Order

SKillous Protoss - Winner!

Build Orders: 1 Gate Expand 

Get SALT Encoding   

  12  0:00  Probe  
  13  0:12  Probe  
  14  0:17  Pylon  
  14  0:24  Probe  
  15  0:35  Gateway  
  15  0:36  Probe (Chrono Boost)  
  16  0:46  Assimilator, Probe (Chrono Boost)  
  17  0:51  Probe (Chrono Boost)  
  18  1:03  Probe  
  19  1:15  Probe  
  20  1:22  Cybernetics Core  
  20  1:27  Probe  
  21  1:33  Nexus  
  21  1:41  Pylon  
  21  1:46  Assimilator  
  21  1:48  Probe  
  22  1:56  Adept (Chrono Boost)  
  22  2:00  Warp Gate, Probe  
  25  2:13  Probe  
  26  2:19  Stalker (Chrono Boost)  
  28  2:25  Probe  
  29  2:37  Robotics Facility  
  30  2:38  Probe (Chrono Boost)  
  30  2:45  Stalker  
  30  2:46  Probe (Chrono Boost)  
  30  2:50  Shield Battery  
  34  2:55  Probe (Chrono Boost)  
  34  2:56  Probe (Chrono Boost)  
  35  3:00  Probe (Chrono Boost)  
  35  3:01  Shield Battery, Probe (Chrono Boost)  
  36  3:12  Probe  
  37  3:15  Probe  
  38  3:21  Warp Prism (Chrono Boost)  
  38  3:23  Gateway  
  38  3:24  Probe  
  41  3:28  Probe  
  41  3:31  Pylon  
  42  3:36  Probe  
  44  3:41  Probe (Chrono Boost)  
  44  3:43  Gateway  
  44  3:45  Pylon  
  45  3:48  Probe (Chrono Boost)  
  45  3:52  Observer  
  47  3:58  Probe x2 (Chrono Boost)  
  47  4:01  Assimilator  
  48  4:03  Assimilator, Robotics Bay  
  48  4:07  Stalker  
  51  4:15  Immortal  
  54  4:26  Stalker  
  54  4:29  Shield Battery  
  54  4:31  Shield Battery  
  54  4:32  Stalker  
  54  4:35  Pylon  
  56  4:42  Stalker  
  58  4:48  Pylon  
  58  4:52  Immortal (Chrono Boost)  
  58  4:56  Adept x2  
  66  5:00  Shield Battery  
  66  5:04  Gateway  
  66  5:05  Gateway  
  66  5:10  Stalker  
  68  5:17  Adept x2  
  72  5:24  Gateway  
  72  5:25  Pylon  
  72  5:27  Immortal (Chrono Boost)  
  76  5:38  Stalker  
  76  5:40  Zealot  
  74  6:09  Pylon  
  74  6:11  Pylon  
  74  6:13  Pylon  
  74  6:22  Pylon  
  74  6:32  Adept x2  
  78  6:33  Pylon  
  78  6:34  Pylon  
  73  6:41  Adept x2  
  73  6:42  Pylon  
  77  6:58  Adept x2  
  81  7:03  Gateway  
  81  7:04  Gateway  
  81  7:05  Gateway  
  81  7:06  Pylon  
  48  7:17  Adept x2  
  48  7:21  Stalker x2  
  38  7:34  Stalker, Sentry  
  34  7:39  Pylon  
  34  7:40  Sentry x2  
  34  7:41  Shield Battery  
  36  7:52  Shield Battery  
  36  7:59  Stalker x5  
  46  8:05  Adept  
  46  8:12  Adept  
  47  8:33  Probe (Chrono Boost)  
  31  9:23  Observer  
  30  9:25  Phoenix  
  25  11:44  Pylon  
  25  12:02  Pylon  
  25  12:25  Probe (Chrono Boost)  
  26  12:34  Probe (Chrono Boost)  
  27  12:39  Probe (Chrono Boost)  
  26  12:51  Probe (Chrono Boost)  
  27  13:03  Probe (Chrono Boost)  
  28  13:11  Probe (Chrono Boost)  
  29  13:18  Probe  
  30  13:29  Pylon  
  30  13:30  Probe  
  31  13:34  Cybernetics Core  
Tags
 
Add a new tag
Caveats
  • Supply blocks, unpowered buildings, or Contaminate may cause inaccurate times.
  • Supply counts are checked every 10 seconds.